Blues vs Canucks (R2)

Created - February 23, 2019 at 19:06

Goals
1 2 3 OT1 T
Blues 3 1 2 0 6
Canucks 3 2 1 1 7
Shots
1 2 3 OT1 T
Blues 8 9 12 1 30
Canucks 10 5 10 2 27

1st period

1. Canucks , Martins Karsums 6 (Alex Goligoski 42, Ryan Hollweg 7) at 5:35
2. Blues , Nicklas Backstrom 30 (Alex Pietrangelo 51, David Perron 26) at 7:03 (PP)
3. Blues , Sergei Shirokov 14 (Logan Couture 6) at 7:07
4. Canucks , Jiri Hudler 10 (Clarke MacArthur 11, Mike Ribeiro 12) at 9:10
5. Canucks , Ladislav Smid 2 (Nik Antropov 9, Mike Ribeiro 13) at 10:29
6. Blues , Ted Purcell 16 (Sergei Shirokov 26, Alex Pietrangelo 52) at 10:42

Penalties :
Clarke MacArthur (Van) for Hooking (Minor) at 6:51, Steve Montador (Van) for Tripping (Minor) at 12:28, Yann Sauvé (STL) for Slashing (Minor) at 16:16

2nd period

7. Blues , Jake Gardiner 7 (Travis Zajac 17, Patrick Kaleta 7) at 0:45
8. Canucks , Chris Higgins 26 (Matt Stajan 45, Jamie McBain 14) at 2:35 (PP)
9. Canucks , Clarke MacArthur 18 (Ladislav Smid 8, Brad Boyes 25) at 16:26

Penalties :
Bryce Lampman (STL) for Holding (Minor) at 2:20, Chris Campoli (Van) for Slashing (Minor) at 5:18, Martins Karsums (Van) for Hooking (Minor) at 13:35, Alex Pietrangelo (STL) for Holding (Minor) at 16:37

3rd period

10. Canucks , Matt Stajan 18 (Chris Higgins 27) at 8:34 (PP)
11. Blues , Maxim Lapierre 14 (Filip Forsberg 12) at 12:52
12. Blues , Alex Pietrangelo 14 (Jake Gardiner 28, Sergei Shirokov 27) at 17:13 (PP)

Penalties :
Mike Ribeiro (Van) for Hooking (Minor) at 2:57, Ted Purcell (STL) for Hooking (Minor) at 8:30, Derek Boogaard (Van) for Holding (Minor) at 10:45, Matt Stajan (Van) for Holding (Minor) at 16:28

Overtime #1

13. Canucks , Chris Higgins 27 (Steve Montador 16, Matt Stajan 46) at 0:54

Penalties :
No Penalty

Goalie Stats

Carey Price (STL), 11 saves from 17 shots - (0.647), 48:34 minutes
Ray Emery (STL), 9 saves from 10 shots - (0.900), OTL, 5-4-1, 12:20 minutes
Michal Neuvirth (Van), 24 saves from 30 shots - (0.800), W, 24-21-3, 60:54 minutes

Players Stats for Blues

Player Name              G  A  P  +/- PIM S  H  SB GA TA FO     MP     PP MP  PK MP  
------------------------------------------------------------------------------------
Alex Pietrangelo         1  2  3  -2  2   5  0  4  1  1  0/0    26:27   6:47   1:12 
Brandon Yip              0  0  0  -1  0   1  2  0  0  0  1/1     8:44   0:21   0:00 
Bryce Lampman            0  0  0  -1  2   0  1  2  0  1  0/0    27:32   4:05   2:17 
Cody Ceci                0  0  0   0  0   1  1  1  0  1  0/0    12:59   0:00   2:03 
David Perron             0  1  1  -1  0   2  0  0  1  0  0/0    24:02   6:17   1:05 
Filip Forsberg           0  1  1   1  0   0  3  0  0  0  0/0    14:12   4:14   0:00 
Jake Gardiner            1  1  2   1  0   2  4  3  0  1  0/0    24:43   6:47   2:04 
Kyle Okposo              0  0  0  -1  0   1  3  1  0  1  0/0    22:18   6:17   0:00 
Linus Omark              0  0  0   0  0   2  0  0  1  0  0/1     7:02   0:00   0:00 
Logan Couture            0  1  1  -1  0   0  1  0  0  0  7/16   14:40   0:21   2:14 
Maxim Lapierre           1  0  1   0  0   2  0  0  0  0  4/6     7:02   0:00   0:00 
Nick Leddy               0  0  0   0  0   1  2  0  0  1  0/0    15:52   4:05   0:26 
Nicklas Backstrom        1  0  1  -1  0   3  0  0  2  0  19/35  23:58   6:17   1:01 
Patrick Kaleta           0  1  1   1  0   4  1  0  0  0  0/0    12:50   0:08   2:10 
Sergei Shirokov          1  2  3   0  0   1  0  2  0  0  0/0    15:15   4:27   0:00 
Ted Purcell              1  0  1   0  2   1  2  0  0  0  0/0    12:07   0:00   1:02 
Travis Zajac             0  1  1   1  0   2  1  0  0  1  4/6    15:14   4:14   1:02 
Yann Sauvé               0  0  0   0  2   2  1  0  0  1  0/0    14:18   0:00   0:32 

Players Stats for Canucks

Player Name              G  A  P  +/- PIM S  H  SB GA TA FO     MP     PP MP  PK MP  
------------------------------------------------------------------------------------
Alex Goligoski           0  1  1   0  0   1  0  0  0  0  0/0     5:18   0:00   0:00 
Brad Boyes               0  1  1  -1  0   2  1  0  0  0  2/2    24:30   2:33   6:14 
Chris Campoli            0  0  0   0  2   0  3  2  1  1  0/0    21:51   2:13   2:27 
Chris Higgins            2  1  3  -1  0   5  4  0  2  1  1/2    21:31   2:33   4:05 
Clarke MacArthur         1  1  2   0  2   1  3  0  0  0  0/1    15:18   1:44   0:21 
Derek Boogaard           0  0  0   0  2   0  4  0  0  0  0/0    10:27   0:00   0:00 
James Wright             0  0  0   1  0   0  2  0  0  0  1/4     6:20   0:00   0:00 
Jamie McBain             0  1  1   1  0   2  0  4  0  1  0/0    24:18   2:04   4:09 
Jiri Hudler              1  0  1   0  0   2  1  0  1  0  2/4    14:42   1:44   0:00 
Johan Franzen            0  0  0   1  0   0  0  0  1  0  0/0    10:17   0:00   0:00 
Justin Falk              0  0  0   1  0   0  0  1  0  0  0/0    18:50   0:25   5:18 
Ladislav Smid            1  1  2   1  0   2  1  0  0  0  0/0    23:51   1:36   4:43 
Martins Karsums          1  0  1   1  2   3  0  0  0  0  0/0     6:23   0:00   0:00 
Matt Stajan              1  2  3  -1  2   4  2  1  2  0  16/32  23:06   2:33   5:29 
Mike Ribeiro             0  2  2   1  2   4  2  0  1  1  4/9    17:44   1:44   2:35 
Nik Antropov             0  1  1   1  0   0  2  0  0  0  4/9    11:10   0:00   0:20 
Ryan Hollweg             0  1  1   0  0   0  1  0  0  0  0/2     9:37   0:00   2:40 
Steve Montador           0  1  1  -1  2   1  1  1  0  1  0/0    27:24   2:16   5:07 

3 Stars

1 - Chris Higgins (Van)
2 - Jake Gardiner (STL)
3 - Sergei Shirokov (STL)

Power Play

Blues - 2 on 7 Attempt(s) - 28.57%
Canucks - 2 on 4 Attempt(s) - 50.00%

Penalty Kill

Blues - 2 on 4 Attempt(s) - 50.00% - Score 0 goal in Penalty Kill
Canucks - 5 on 7 Attempt(s) - 71.43% - Score 0 goal in Penalty Kill

Team Stat

Blues - Hits : 22 - Faceoff Wins : 35 - Blocked Shots : 13 - Penalty Minutes : 8
Canucks - Hits : 27 - Faceoff Wins : 30 - Blocked Shots : 9 - Penalty Minutes : 14

Official

Referees : Unknown
Linesman : Unknown

Game Notes

Alex Goligoski is injured at 10:34 of 1st period (Sore Right Knee)
Ray Emery enters game at 8:34 of 3rd period

Finance

Level 1 -- Attendance: 6000 (100.00%) -- Ticket Income $510,000
Level 2 -- Attendance: 4679 (93.58%) -- Ticket Income $238,629
Level 3 -- Attendance: 1771 (88.55%) -- Ticket Income $56,672
Level 4 -- Attendance: 3965 (99.13%) -- Ticket Income $79,300
Luxury Box -- Attendance: 1000 (100.00%) -- Ticket Income $100,000
Game was played at the Budweiser Coliseum.
Total Attendance: 17415 (96.75%)
Total Ticket Income: $984,601
Other Income: $147,690
Total Income: $1,132,291

Blues

5 vs 5 Forward 
   Center                   Left Wing                Right Wing               Time % Phy DF OF 
 1 Nicklas Backstrom        David Perron             Kyle Okposo              40     1   2  2  
 2 Logan Couture            Ted Purcell              Sergei Shirokov          30     1   2  2  
 3 Travis Zajac             Filip Forsberg           Patrick Kaleta           20     1   2  2  
 4 Maxim Lapierre           Linus Omark              Brandon Yip              10     1   2  2  

5 vs 5 Defense 
   Defense                  Defense                                           Time % Phy DF OF 
 1 Alex Pietrangelo         Bryce Lampman                                     40     1   2  2  
 2 Jake Gardiner            Yann Sauvé                                        30     1   2  2  
 3 Nick Leddy               Cody Ceci                                         20     1   2  2  
 4 Jake Gardiner            Bryce Lampman                                     10     1   2  2  

PowerPlay Forward 
   Center                   Left Wing                Right Wing               Time % Phy DF OF 
 1 Nicklas Backstrom        David Perron             Kyle Okposo              60     1   2  2  
 2 Travis Zajac             Filip Forsberg           Sergei Shirokov          40     1   2  2  

PowerPlay Defense
   Defense                  Defense                                           Time % Phy DF OF 
 1 Alex Pietrangelo         Jake Gardiner                                     60     1   2  2  
 2 Nick Leddy               Bryce Lampman                                     40     1   2  2  

Penalty Kill 4 Players Forward 
   Center                   Wing                     Time % Phy DF OF 
 1 Logan Couture            Patrick Kaleta           60     1   2  2  
 2 Travis Zajac             Ted Purcell              40     1   2  2  

Penalty Kill 4 Players Defense
   Defense                  Defense                  Time % Phy DF OF 
 1 Alex Pietrangelo         Bryce Lampman            60     1   2  2  
 2 Jake Gardiner            Yann Sauvé               40     1   2  2  

Penalty Kill - 3 Players Forward 
   Forward                                           Time % Phy DF OF 
 1 Maxim Lapierre                                    60     1   2  2  
 2 Logan Couture                                     40     1   2  2  

Penalty Kill - 3 Players Defense
   Defense                  Defense                  Time % Phy DF OF 
 1 Alex Pietrangelo         Bryce Lampman            60     1   2  2  
 2 Jake Gardiner            Yann Sauvé               40     1   2  2  

4 vs 4 Forward 
   Center                   Wing                     Time % Phy DF OF 
 1 Nicklas Backstrom        David Perron             60     1   2  2  
 2 Travis Zajac             Kyle Okposo              40     1   2  2  

4 vs 4 Defense
   Defense                  Defense                  Time % Phy DF OF 
 1 Alex Pietrangelo         Bryce Lampman            60     1   2  2  
 2 Jake Gardiner            Yann Sauvé               40     1   2  2  

Last Minutes Offensive
   Center                   Left Wing                Right Wing               Defense                  Defense                  
   Nicklas Backstrom        David Perron             Kyle Okposo              Alex Pietrangelo         Jake Gardiner            

Last Minutes Defensive
   Center                   Left Wing                Right Wing               Defense                  Defense                  
   Travis Zajac             Ted Purcell              Patrick Kaleta           Alex Pietrangelo         Bryce Lampman            

Goaltenders
Starting : Carey Price              
Backup : Ray Emery                

Extra Forwards
Normal : Logan Couture, Brandon Yip, Patrick Kaleta - PP : Logan Couture, Brandon Yip - PK : Patrick Kaleta
Extra Defensemen
Normal : Nick Leddy, Cody Ceci, Jake Gardiner - PP : Nick Leddy - PK : Cody Ceci, Jake Gardiner
Penalty Shots
David Perron, Ted Purcell, Nicklas Backstrom, Logan Couture, Linus Omark

Scratches
None

Canucks

5 vs 5 Forward 
   Center                   Left Wing                Right Wing               Time % Phy DF OF 
 1 Matt Stajan              Chris Higgins            Brad Boyes               40     1   2  2  
 2 Mike Ribeiro             Clarke MacArthur         Jiri Hudler              30     1   2  2  
 3 Nik Antropov             Derek Boogaard           Johan Franzen            20     1   2  2  
 4 James Wright             Ryan Hollweg             Martins Karsums          10     1   2  2  

5 vs 5 Defense 
   Defense                  Defense                                           Time % Phy DF OF 
 1 Alex Goligoski           Steve Montador                                    40     1   2  2  
 2 Jamie McBain             Ladislav Smid                                     30     1   2  2  
 3 Chris Campoli            Justin Falk                                       20     1   2  2  
 4 Alex Goligoski           Steve Montador                                    10     1   2  2  

PowerPlay Forward 
   Center                   Left Wing                Right Wing               Time % Phy DF OF 
 1 Matt Stajan              Chris Higgins            Brad Boyes               60     1   2  2  
 2 Mike Ribeiro             Clarke MacArthur         Jiri Hudler              40     1   2  2  

PowerPlay Defense
   Defense                  Defense                                           Time % Phy DF OF 
 1 Alex Goligoski           Steve Montador                                    60     1   2  2  
 2 Jamie McBain             Ladislav Smid                                     40     1   2  2  

Penalty Kill 4 Players Forward 
   Center                   Wing                     Time % Phy DF OF 
 1 Matt Stajan              Brad Boyes               60     1   2  2  
 2 Mike Ribeiro             Chris Higgins            40     1   2  2  

Penalty Kill 4 Players Defense
   Defense                  Defense                  Time % Phy DF OF 
 1 Alex Goligoski           Steve Montador           60     1   2  2  
 2 Jamie McBain             Ladislav Smid            40     1   2  2  

Penalty Kill - 3 Players Forward 
   Forward                                           Time % Phy DF OF 
 1 Matt Stajan                                       60     1   2  2  
 2 Brad Boyes                                        40     1   2  2  

Penalty Kill - 3 Players Defense
   Defense                  Defense                  Time % Phy DF OF 
 1 Alex Goligoski           Steve Montador           60     1   2  2  
 2 Jamie McBain             Ladislav Smid            40     1   2  2  

4 vs 4 Forward 
   Center                   Wing                     Time % Phy DF OF 
 1 Matt Stajan              Brad Boyes               60     1   2  2  
 2 Mike Ribeiro             Chris Higgins            40     1   2  2  

4 vs 4 Defense
   Defense                  Defense                  Time % Phy DF OF 
 1 Alex Goligoski           Steve Montador           60     1   2  2  
 2 Jamie McBain             Ladislav Smid            40     1   2  2  

Last Minutes Offensive
   Center                   Left Wing                Right Wing               Defense                  Defense                  
   Matt Stajan              Chris Higgins            Brad Boyes               Alex Goligoski           Steve Montador           

Last Minutes Defensive
   Center                   Left Wing                Right Wing               Defense                  Defense                  
   Matt Stajan              Chris Higgins            Brad Boyes               Alex Goligoski           Steve Montador           

Goaltenders
Starting : Michal Neuvirth          
Backup : Alex Stalock             

Extra Forwards
Normal : Derek Boogaard, Nik Antropov, Ryan Hollweg - PP : Derek Boogaard, Nik Antropov - PK : Ryan Hollweg
Extra Defensemen
Normal : Chris Campoli, Justin Falk, Jamie McBain - PP : Chris Campoli - PK : Justin Falk, Jamie McBain
Penalty Shots
Matt Stajan, Brad Boyes, Mike Ribeiro, Chris Higgins, Clarke MacArthur

Scratches
Danny DeKeiser (Left Hand Injury)

% Time on Ice - Blues

Lines # - Real PCT - Wanted PCT - Time Play
Normal Forward
1 - 37% - 40% - 16:48
2 - 25% - 30% - 11:10
3 - 22% - 20% - 9:51
4 - 16% - 10% - 7:02
Normal Defense
1 - 40% - 40% - 18:04
2 - 31% - 30% - 13:48
3 - 24% - 20% - 10:42
4 - 5% - 10% - 2:17
PP Forward
1 - 59% - 60% - 6:25
2 - 41% - 40% - 4:27
PP Defense
1 - 62% - 60% - 6:47
2 - 38% - 40% - 4:05
PK Forward
1 - 76% - 60% - 3:15
2 - 24% - 40% - 1:02
PK Defense
1 - 62% - 60% - 2:39
2 - 38% - 40% - 1:38
PK3 Forward
1 - 0% - 60%
2 - 0% - 40%
PK3 Defense
1 - 0% - 60%
2 - 0% - 40%
44 Forward
1 - 100% - 60% - 0:54
2 - 0% - 40% - 0:00
44 Defense
1 - 67% - 60% - 0:36
2 - 33% - 40% - 0:18
Last Minute Offensive  - 0:00
Last Minute Defensive  - 0:00
Total
Forward - 60:54
Defense - 60:54

% Time on Ice - Canucks

Lines # - Real PCT - Wanted PCT - Time Play
Normal Forward
1 - 35% - 40% - 15:30
2 - 28% - 30% - 12:44
3 - 23% - 20% - 10:17
4 - 14% - 10% - 6:20
Normal Defense
1 - 44% - 40% - 19:54
2 - 30% - 30% - 13:34
3 - 18% - 20% - 7:53
4 - 8% - 10% - 3:30
PP Forward
1 - 60% - 60% - 2:33
2 - 40% - 40% - 1:44
PP Defense
1 - 63% - 60% - 2:41
2 - 37% - 40% - 1:36
PK Forward
1 - 74% - 60% - 8:01
2 - 26% - 40% - 2:51
PK Defense
1 - 71% - 60% - 7:41
2 - 29% - 40% - 3:11
PK3 Forward
1 - 0% - 60%
2 - 0% - 40%
PK3 Defense
1 - 0% - 60%
2 - 0% - 40%
44 Forward
1 - 72% - 60% - 0:39
2 - 28% - 40% - 0:15
44 Defense
1 - 100% - 60% - 0:54
2 - 0% - 40% - 0:00
Last Minute Offensive  - 0:00
Last Minute Defensive  - 0:00
Total
Forward - 60:54
Defense - 60:54

Play-by-Play

1st period


0:01 of 1st period - Nicklas Backstrom wins face-off versus Matt Stajan in neutral zone.
0:26 of 1st period - Steve Montador is hit by Ted Purcell and loses puck.
0:37 of 1st period - Slapshot by Ted Purcell.
0:37 of 1st period - Shot Misses the Net.
0:51 of 1st period - Alex Goligoski is hit by Patrick Kaleta and loses puck.
0:56 of 1st period - Slapshot by Patrick Kaleta.
0:56 of 1st period - Stopped by Michal Neuvirth without a rebound.
0:57 of 1st period - James Wright wins face-off versus Maxim Lapierre in Canucks zone.
1:02 of 1st period - Slapshot by Linus Omark.
1:02 of 1st period - Deflect By Jamie McBain.
1:02 of 1st period - Stopped by Michal Neuvirth without a rebound.
1:03 of 1st period - Maxim Lapierre wins face-off versus James Wright in Canucks zone.
1:30 of 1st period - David Perron is hit by Ladislav Smid and loses puck.
2:09 of 1st period - Mike Ribeiro is hit by Filip Forsberg and loses puck.
2:32 of 1st period - Slapshot by Mike Ribeiro.
2:32 of 1st period - Stopped by Carey Price without a rebound.
2:33 of 1st period - Nicklas Backstrom wins face-off versus Matt Stajan in Blues zone.
2:48 of 1st period - Wrist shot by David Perron.
2:48 of 1st period - Stopped by Michal Neuvirth without a rebound.
2:49 of 1st period - Logan Couture wins face-off versus Nik Antropov in Canucks zone.
2:49 of 1st period - Alex Pietrangelo is hit by Steve Montador and loses puck.
3:21 of 1st period - Snap shot by Kyle Okposo.
3:21 of 1st period - Stopped by Michal Neuvirth without a rebound.
3:22 of 1st period - Matt Stajan wins face-off versus Nicklas Backstrom in Canucks zone.
4:05 of 1st period - Patrick Kaleta is hit by Clarke MacArthur and loses puck.
4:14 of 1st period - Clarke MacArthur is hit by Yann Sauvé and loses puck.
4:32 of 1st period - Icing by Jamie McBain.
4:33 of 1st period - Jiri Hudler wins face-off versus Logan Couture in Canucks zone.
5:26 of 1st period - David Perron is hit by Ryan Hollweg and loses puck.
5:33 of 1st period - Wrist shot by Ryan Hollweg.
5:33 of 1st period - Shot Blocked by Alex Pietrangelo.
5:35 of 1st period - Slapshot by Alex Goligoski.
5:35 of 1st period - Deflect By Martins Karsums.
5:35 of 1st period - Goal by Martins Karsums - Blues : 0 - Canucks : 1.
5:36 of 1st period - Matt Stajan wins face-off versus Logan Couture in neutral zone.
5:55 of 1st period - Matt Stajan is hit by Logan Couture and loses puck.
6:34 of 1st period - Slapshot by Martins Karsums.
6:34 of 1st period - Shot Misses the Net.
6:51 of 1st period - Minor Penalty to Clarke MacArthur for Hooking.
6:52 of 1st period - Matt Stajan wins face-off versus Nicklas Backstrom in Canucks zone.
7:03 of 1st period - Wrist shot by Nicklas Backstrom.
7:03 of 1st period - Goal by Nicklas Backstrom - Blues : 1 - Canucks : 1.
7:04 of 1st period - Logan Couture wins face-off versus Matt Stajan in neutral zone.
7:07 of 1st period - Snap shot by Sergei Shirokov.
7:07 of 1st period - Goal by Sergei Shirokov - Blues : 2 - Canucks : 1.
7:08 of 1st period - Chris Higgins wins face-off versus Nicklas Backstrom in neutral zone.
7:11 of 1st period - Wrist shot by Chris Higgins.
7:11 of 1st period - Stopped by Carey Price without a rebound.
7:12 of 1st period - Brad Boyes wins face-off versus Nicklas Backstrom in Blues zone.
7:30 of 1st period - Chris Higgins is hit by Jake Gardiner and loses puck.
9:02 of 1st period - Wrist shot by Matt Stajan.
9:02 of 1st period - Stopped by Carey Price with a rebound.
9:04 of 1st period - Slapshot by Alex Goligoski.
9:04 of 1st period - Stopped by Carey Price without a rebound.
9:05 of 1st period - Mike Ribeiro wins face-off versus Logan Couture in Blues zone.
9:06 of 1st period - Snap shot by Jiri Hudler.
9:06 of 1st period - Shot Misses the Net.
9:08 of 1st period - Snap shot by Clarke MacArthur.
9:08 of 1st period - Shot Blocked by Sergei Shirokov.
9:10 of 1st period - Snap shot by Jiri Hudler.
9:10 of 1st period - Goal by Jiri Hudler - Blues : 2 - Canucks : 2.
9:11 of 1st period - Nik Antropov wins face-off versus Logan Couture in neutral zone.
9:26 of 1st period - Snap shot by Nik Antropov.
9:26 of 1st period - Shot Blocked by Sergei Shirokov.
9:43 of 1st period - Justin Falk is hit by Bryce Lampman and loses puck.
9:48 of 1st period - Slapshot by Sergei Shirokov.
9:48 of 1st period - Shot Blocked by Chris Campoli.
9:50 of 1st period - Slapshot by Yann Sauvé.
9:50 of 1st period - Stopped by Michal Neuvirth with a rebound.
10:02 of 1st period - Ladislav Smid is hit by Filip Forsberg and loses puck.
10:27 of 1st period - Snap shot by Nik Antropov.
10:27 of 1st period - Shot Blocked by Alex Pietrangelo.
10:29 of 1st period - Backhand shot by Ladislav Smid.
10:29 of 1st period - Goal by Ladislav Smid - Blues : 2 - Canucks : 3.
10:30 of 1st period - Travis Zajac wins face-off versus Jiri Hudler in neutral zone.
10:33 of 1st period - Alex Goligoski is hit by Nick Leddy and loses puck.
10:34 of 1st period - Alex Goligoski from Canucks is injured at 10:34 of 1st period (Sore Right Knee).
10:35 of 1st period - Logan Couture wins face-off versus Mike Ribeiro in Canucks zone.
10:38 of 1st period - Slapshot by Alex Pietrangelo.
10:38 of 1st period - Shot Blocked by Chris Campoli.
10:40 of 1st period - Slapshot by Sergei Shirokov.
10:40 of 1st period - Shot Misses the Net.
10:42 of 1st period - Wrist shot by Sergei Shirokov.
10:42 of 1st period - Deflect By Ted Purcell.
10:42 of 1st period - Goal by Ted Purcell - Blues : 3 - Canucks : 3.
10:43 of 1st period - Logan Couture wins face-off versus Nik Antropov in neutral zone.
11:10 of 1st period - Wrist shot by Chris Higgins.
11:10 of 1st period - Stopped by Carey Price without a rebound.
11:11 of 1st period - Brad Boyes wins face-off versus Travis Zajac in Blues zone.
11:16 of 1st period - Snap shot by Matt Stajan.
11:16 of 1st period - Shot Blocked by Jake Gardiner.
11:18 of 1st period - Slapshot by Brad Boyes.
11:18 of 1st period - Stopped by Carey Price with a rebound.
11:20 of 1st period - Wrist shot by Matt Stajan.
11:20 of 1st period - Shot Misses the Net.
12:00 of 1st period - Snap shot by Nik Antropov.
12:00 of 1st period - Shot Blocked by Alex Pietrangelo.
12:04 of 1st period - Slapshot by Jamie McBain.
12:04 of 1st period - Stopped by Carey Price without a rebound.
12:05 of 1st period - Logan Couture wins face-off versus Matt Stajan in Blues zone.
12:10 of 1st period - Slapshot by Alex Pietrangelo.
12:10 of 1st period - Shot Misses the Net.
12:28 of 1st period - Minor Penalty to Steve Montador for Tripping.
12:29 of 1st period - Nicklas Backstrom wins face-off versus Matt Stajan in Canucks zone.
12:40 of 1st period - Snap shot by Alex Pietrangelo.
12:40 of 1st period - Shot Blocked by Jamie McBain.
14:01 of 1st period - Travis Zajac is hit by Chris Higgins and loses puck.
14:28 of 1st period - Penalty to Steve Montador is over, Steve Montador is back on ice.
15:10 of 1st period - Jiri Hudler is hit by Cody Ceci and loses puck.
16:16 of 1st period - Minor Penalty to Yann Sauvé for Slashing.
16:17 of 1st period - Logan Couture wins face-off versus Matt Stajan in Blues zone.
16:26 of 1st period - Alex Pietrangelo is hit by Brad Boyes and loses puck.
18:16 of 1st period - Penalty to Yann Sauvé is over, Yann Sauvé is back on ice.
18:24 of 1st period - Slapshot by Nick Leddy.
18:24 of 1st period - Deflect By Linus Omark.
18:24 of 1st period - Shot Misses the Net.
18:24 of 1st period - Puck is out of play.
18:25 of 1st period - Brandon Yip wins face-off versus Nik Antropov in Canucks zone.
18:40 of 1st period - Linus Omark is hit by Derek Boogaard and loses puck.
18:48 of 1st period - Icing by Maxim Lapierre.
18:49 of 1st period - Maxim Lapierre wins face-off versus James Wright in Blues zone.
19:58 of 1st period - Wrist shot by Alex Pietrangelo.
19:58 of 1st period - Deflect By Nicklas Backstrom.
19:58 of 1st period - Shot Blocked by Jamie McBain.
19:58 of 1st period - Puck is out of play.
19:59 of 1st period - Nicklas Backstrom wins face-off versus Nik Antropov in Canucks zone.
Goals for this period are 3 for Blues vs 3 for Canucks.
Shots for this period are 8 for Blues vs 10 for Canucks.

2nd period


0:01 of 2nd period - Matt Stajan wins face-off versus Nicklas Backstrom in neutral zone.
0:03 of 2nd period - Off-side.
0:04 of 2nd period - Nicklas Backstrom wins face-off versus Chris Higgins in neutral zone.
0:35 of 2nd period - Slapshot by Alex Pietrangelo.
0:35 of 2nd period - Stopped by Michal Neuvirth without a rebound.
0:36 of 2nd period - Travis Zajac wins face-off versus Mike Ribeiro in Canucks zone.
0:43 of 2nd period - Wrist shot by Travis Zajac.
0:43 of 2nd period - Stopped by Michal Neuvirth with a rebound.
0:45 of 2nd period - Slapshot by Jake Gardiner.
0:45 of 2nd period - Goal by Jake Gardiner - Blues : 4 - Canucks : 3.
0:46 of 2nd period - Jiri Hudler wins face-off versus Nicklas Backstrom in neutral zone.
1:22 of 2nd period - Wrist shot by Logan Couture.
1:22 of 2nd period - Shot Misses the Net.
1:41 of 2nd period - Wrist shot by Cody Ceci.
1:41 of 2nd period - Stopped by Michal Neuvirth with a rebound.
1:43 of 2nd period - Snap shot by Patrick Kaleta.
1:43 of 2nd period - Shot Misses the Net.
1:45 of 2nd period - Slapshot by Patrick Kaleta.
1:45 of 2nd period - Shot Misses the Net.
2:20 of 2nd period - Minor Penalty to Bryce Lampman for Holding.
2:21 of 2nd period - Matt Stajan wins face-off versus Logan Couture in Blues zone.
2:27 of 2nd period - Slapshot by Jamie McBain.
2:27 of 2nd period - Shot Blocked by Alex Pietrangelo.
2:31 of 2nd period - Slapshot by Jamie McBain.
2:31 of 2nd period - Stopped by Carey Price with a rebound.
2:33 of 2nd period - Wrist shot by Matt Stajan.
2:33 of 2nd period - Stopped by Carey Price with a rebound.
2:35 of 2nd period - Snap shot by Chris Higgins.
2:35 of 2nd period - Goal by Chris Higgins - Blues : 4 - Canucks : 4.
2:36 of 2nd period - Nicklas Backstrom wins face-off versus Matt Stajan in neutral zone.
4:27 of 2nd period - Wrist shot by Brad Boyes.
4:27 of 2nd period - Stopped by Carey Price without a rebound.
4:28 of 2nd period - Nicklas Backstrom wins face-off versus Clarke MacArthur in Blues zone.
4:39 of 2nd period - Wrist shot by Mike Ribeiro.
4:39 of 2nd period - Shot Blocked by Jake Gardiner.
4:41 of 2nd period - Slapshot by Justin Falk.
4:41 of 2nd period - Deflect By Clarke MacArthur.
4:41 of 2nd period - Shot Misses the Net.
4:41 of 2nd period - Puck is out of play.
4:42 of 2nd period - Nicklas Backstrom wins face-off versus Mike Ribeiro in Blues zone.
5:18 of 2nd period - Minor Penalty to Chris Campoli for Slashing.
5:19 of 2nd period - Matt Stajan wins face-off versus Nicklas Backstrom in Canucks zone.
7:18 of 2nd period - Penalty to Chris Campoli is over, Chris Campoli is back on ice.
7:21 of 2nd period - Ryan Hollweg is hit by Brandon Yip and loses puck.
7:42 of 2nd period - Nick Leddy is hit by Derek Boogaard and loses puck.
7:57 of 2nd period - Logan Couture is hit by Jiri Hudler and loses puck.
8:24 of 2nd period - Maxim Lapierre is hit by Derek Boogaard.
9:16 of 2nd period - Yann Sauvé is hit by James Wright and loses puck.
9:50 of 2nd period - Patrick Kaleta is hit by Chris Higgins and loses puck.
10:08 of 2nd period - Filip Forsberg is hit by Chris Campoli and loses puck.
10:21 of 2nd period - Chris Campoli is hit by Jake Gardiner and loses puck.
10:34 of 2nd period - Mike Ribeiro is hit by Kyle Okposo and loses puck.
10:48 of 2nd period - Mike Ribeiro is hit by Kyle Okposo and loses puck.
11:09 of 2nd period - Logan Couture is hit by Mike Ribeiro and loses puck.
11:17 of 2nd period - Icing by Nick Leddy.
11:18 of 2nd period - Nik Antropov wins face-off versus Logan Couture in Blues zone.
11:21 of 2nd period - Snap shot by Derek Boogaard.
11:21 of 2nd period - Shot Misses the Net.
11:32 of 2nd period - Logan Couture is hit by Derek Boogaard and loses puck.
11:59 of 2nd period - Wrist shot by Nicklas Backstrom.
11:59 of 2nd period - Deflect By David Perron.
11:59 of 2nd period - Shot Blocked by Jamie McBain.
11:59 of 2nd period - Puck is out of play.
12:00 of 2nd period - Travis Zajac wins face-off versus James Wright in Canucks zone.
12:03 of 2nd period - Snap shot by Patrick Kaleta.
12:03 of 2nd period - Shot Misses the Net.
12:25 of 2nd period - Snap shot by Jake Gardiner.
12:25 of 2nd period - Shot Blocked by Steve Montador.
12:39 of 2nd period - Wrist shot by David Perron.
12:39 of 2nd period - Stopped by Michal Neuvirth with a rebound.
13:19 of 2nd period - Slapshot by Derek Boogaard.
13:19 of 2nd period - Shot Misses the Net.
13:35 of 2nd period - Minor Penalty to Martins Karsums for Hooking.
13:36 of 2nd period - Matt Stajan wins face-off versus Nicklas Backstrom in Canucks zone.
14:39 of 2nd period - Brad Boyes is hit by Nick Leddy and loses puck.
15:35 of 2nd period - Penalty to Martins Karsums is over, Martins Karsums is back on ice.
15:38 of 2nd period - Snap shot by Maxim Lapierre.
15:38 of 2nd period - Stopped by Michal Neuvirth without a rebound.
15:39 of 2nd period - Maxim Lapierre wins face-off versus Jiri Hudler in Canucks zone.
15:44 of 2nd period - Wrist shot by Linus Omark.
15:44 of 2nd period - Stopped by Michal Neuvirth without a rebound.
15:45 of 2nd period - Maxim Lapierre wins face-off versus Mike Ribeiro in Canucks zone.
15:48 of 2nd period - Snap shot by Linus Omark.
15:48 of 2nd period - Shot Blocked by Justin Falk.
15:50 of 2nd period - Snap shot by Brandon Yip.
15:50 of 2nd period - Stopped by Michal Neuvirth with a rebound.
15:52 of 2nd period - Wrist shot by Jake Gardiner.
15:52 of 2nd period - Stopped by Michal Neuvirth without a rebound.
15:53 of 2nd period - Matt Stajan wins face-off versus Nicklas Backstrom in Canucks zone.
16:26 of 2nd period - Slapshot by Clarke MacArthur.
16:26 of 2nd period - Goal by Clarke MacArthur - Blues : 4 - Canucks : 5.
16:27 of 2nd period - Nicklas Backstrom wins face-off versus Matt Stajan in neutral zone.
16:37 of 2nd period - Minor Penalty to Alex Pietrangelo for Holding.
16:38 of 2nd period - Matt Stajan wins face-off versus Logan Couture in Blues zone.
17:06 of 2nd period - Slapshot by Jamie McBain.
17:06 of 2nd period - Shot Blocked by Cody Ceci.
18:01 of 2nd period - Chris Higgins is hit by Travis Zajac and loses puck.
18:37 of 2nd period - Penalty to Alex Pietrangelo is over, Alex Pietrangelo is back on ice.
18:39 of 2nd period - Icing by Matt Stajan.
18:40 of 2nd period - Matt Stajan wins face-off versus Maxim Lapierre in Canucks zone.
19:01 of 2nd period - Ladislav Smid is hit by Ted Purcell and loses puck.
19:52 of 2nd period - Jamie McBain is hit by Brandon Yip.
Goals for this period are 1 for Blues vs 2 for Canucks.
Shots for this period are 9 for Blues vs 5 for Canucks.

3rd period


0:01 of 3rd period - Matt Stajan wins face-off versus Nicklas Backstrom in neutral zone.
0:05 of 3rd period - Icing by Yann Sauvé.
0:06 of 3rd period - Nicklas Backstrom wins face-off versus Matt Stajan in Blues zone.
0:36 of 3rd period - Nicklas Backstrom is hit by Nik Antropov and loses puck.
0:40 of 3rd period - Jake Gardiner is hit by Nik Antropov and loses puck.
1:01 of 3rd period - Yann Sauvé is hit by Mike Ribeiro and loses puck.
2:24 of 3rd period - Nick Leddy is hit by Chris Campoli and loses puck.
2:52 of 3rd period - Nick Leddy is hit by Clarke MacArthur.
2:57 of 3rd period - Minor Penalty to Mike Ribeiro for Hooking.
2:58 of 3rd period - Nicklas Backstrom wins face-off versus Matt Stajan in Canucks zone.
4:57 of 3rd period - Penalty to Mike Ribeiro is over, Mike Ribeiro is back on ice.
5:04 of 3rd period - Slapshot by Bryce Lampman.
5:04 of 3rd period - Deflect By Patrick Kaleta.
5:04 of 3rd period - Stopped by Michal Neuvirth with a rebound.
6:07 of 3rd period - David Perron is hit by James Wright and loses puck.
6:37 of 3rd period - Icing by Maxim Lapierre.
6:38 of 3rd period - Nik Antropov wins face-off versus Linus Omark in Blues zone.
6:39 of 3rd period - Wrist shot by Johan Franzen.
6:39 of 3rd period - Shot Misses the Net.
6:45 of 3rd period - Slapshot by Nick Leddy.
6:45 of 3rd period - Shot Misses the Net.
6:47 of 3rd period - Slapshot by Cody Ceci.
6:47 of 3rd period - Shot Misses the Net.
6:49 of 3rd period - Slapshot by Nick Leddy.
6:49 of 3rd period - Stopped by Michal Neuvirth with a rebound.
7:03 of 3rd period - David Perron is hit by Matt Stajan and loses puck.
7:28 of 3rd period - Slapshot by Alex Pietrangelo.
7:28 of 3rd period - Stopped by Michal Neuvirth with a rebound.
7:48 of 3rd period - Snap shot by Patrick Kaleta.
7:48 of 3rd period - Stopped by Michal Neuvirth with a rebound.
7:50 of 3rd period - Backhand shot by Patrick Kaleta.
7:50 of 3rd period - Stopped by Michal Neuvirth without a rebound.
7:51 of 3rd period - Nicklas Backstrom wins face-off versus Matt Stajan in Canucks zone.
8:02 of 3rd period - Nicklas Backstrom is hit by Matt Stajan and loses puck.
8:07 of 3rd period - Snap shot by Matt Stajan.
8:07 of 3rd period - Stopped by Carey Price with a rebound.
8:30 of 3rd period - Minor Penalty to Ted Purcell for Hooking.
8:31 of 3rd period - Matt Stajan wins face-off versus Logan Couture in Blues zone.
8:34 of 3rd period - Snap shot by Matt Stajan.
8:34 of 3rd period - Goal by Matt Stajan - Blues : 4 - Canucks : 6.
8:34 of 3rd period - Ray Emery enters game.
8:35 of 3rd period - Nicklas Backstrom wins face-off versus Matt Stajan in neutral zone.
8:38 of 3rd period - Slapshot by Alex Pietrangelo.
8:38 of 3rd period - Stopped by Michal Neuvirth without a rebound.
8:39 of 3rd period - Nicklas Backstrom wins face-off versus Matt Stajan in Canucks zone.
9:08 of 3rd period - Wrist shot by Alex Pietrangelo.
9:08 of 3rd period - Shot Misses the Net.
9:40 of 3rd period - Jamie McBain is hit by Filip Forsberg and loses puck.
9:53 of 3rd period - Slapshot by Alex Pietrangelo.
9:53 of 3rd period - Deflect By Travis Zajac.
9:53 of 3rd period - Deflect By Ladislav Smid.
9:53 of 3rd period - Stopped by Michal Neuvirth without a rebound.
9:54 of 3rd period - Mike Ribeiro wins face-off versus Nicklas Backstrom in Canucks zone.
10:05 of 3rd period - Slapshot by Chris Campoli.
10:05 of 3rd period - Shot Misses the Net.
10:07 of 3rd period - Snap shot by Clarke MacArthur.
10:07 of 3rd period - Deflect By Mike Ribeiro.
10:07 of 3rd period - Stopped by Ray Emery without a rebound.
10:08 of 3rd period - Nicklas Backstrom wins face-off versus Mike Ribeiro in Blues zone.
10:27 of 3rd period - Mike Ribeiro is hit by Jake Gardiner and loses puck.
10:45 of 3rd period - Minor Penalty to Derek Boogaard for Holding.
10:46 of 3rd period - Nicklas Backstrom wins face-off versus Matt Stajan in Canucks zone.
10:50 of 3rd period - Slapshot by Alex Pietrangelo.
10:50 of 3rd period - Shot Misses the Net.
10:52 of 3rd period - Wrist shot by Kyle Okposo.
10:52 of 3rd period - Shot Misses the Net.
10:54 of 3rd period - Snap shot by Kyle Okposo.
10:54 of 3rd period - Deflect By Nicklas Backstrom.
10:54 of 3rd period - Stopped by Michal Neuvirth without a rebound.
10:55 of 3rd period - Matt Stajan wins face-off versus Nicklas Backstrom in Canucks zone.
11:08 of 3rd period - Slapshot by Alex Pietrangelo.
11:08 of 3rd period - Stopped by Michal Neuvirth without a rebound.
11:09 of 3rd period - Matt Stajan wins face-off versus Nicklas Backstrom in Canucks zone.
11:09 of 3rd period - Matt Stajan is hit by Kyle Okposo.
12:19 of 3rd period - Nick Leddy is hit by Chris Higgins and loses puck.
12:45 of 3rd period - Penalty to Derek Boogaard is over, Derek Boogaard is back on ice.
12:52 of 3rd period - Snap shot by Maxim Lapierre.
12:52 of 3rd period - Goal by Maxim Lapierre - Blues : 5 - Canucks : 6.
12:53 of 3rd period - Mike Ribeiro wins face-off versus Nicklas Backstrom in neutral zone.
12:56 of 3rd period - Slapshot by Ladislav Smid.
12:56 of 3rd period - Stopped by Ray Emery with a rebound.
12:58 of 3rd period - Wrist shot by Ladislav Smid.
12:58 of 3rd period - Shot Misses the Net.
13:00 of 3rd period - Slapshot by Jamie McBain.
13:00 of 3rd period - Shot Misses the Net.
13:02 of 3rd period - Slapshot by Mike Ribeiro.
13:02 of 3rd period - Stopped by Ray Emery without a rebound.
13:03 of 3rd period - Mike Ribeiro wins face-off versus Nicklas Backstrom in Blues zone.
13:22 of 3rd period - Slapshot by Jiri Hudler.
13:22 of 3rd period - Shot Blocked by Kyle Okposo.
13:24 of 3rd period - Snap shot by Jamie McBain.
13:24 of 3rd period - Shot Blocked by Bryce Lampman.
13:36 of 3rd period - Slapshot by Jamie McBain.
13:36 of 3rd period - Shot Blocked by Bryce Lampman.
13:38 of 3rd period - Slapshot by Jamie McBain.
13:38 of 3rd period - Deflect By Jiri Hudler.
13:38 of 3rd period - Stopped by Ray Emery with a rebound.
13:40 of 3rd period - Slapshot by Mike Ribeiro.
13:40 of 3rd period - Stopped by Ray Emery without a rebound.
13:41 of 3rd period - Matt Stajan wins face-off versus Logan Couture in Blues zone.
14:17 of 3rd period - Slapshot by Yann Sauvé.
14:17 of 3rd period - Stopped by Michal Neuvirth with a rebound.
14:19 of 3rd period - Slapshot by Filip Forsberg.
14:19 of 3rd period - Shot Misses the Net.
14:35 of 3rd period - David Perron is hit by Chris Campoli and loses puck.
14:42 of 3rd period - Wrist shot by Martins Karsums.
14:42 of 3rd period - Stopped by Ray Emery without a rebound.
14:43 of 3rd period - Logan Couture wins face-off versus Matt Stajan in Blues zone.
15:58 of 3rd period - Wrist shot by Matt Stajan.
15:58 of 3rd period - Shot Misses the Net.
16:00 of 3rd period - Slapshot by Chris Higgins.
16:00 of 3rd period - Stopped by Ray Emery without a rebound.
16:01 of 3rd period - Travis Zajac wins face-off versus Nik Antropov in Blues zone.
16:16 of 3rd period - Slapshot by Alex Pietrangelo.
16:16 of 3rd period - Deflect By Travis Zajac.
16:16 of 3rd period - Shot Misses the Net.
16:16 of 3rd period - Puck is out of play.
16:17 of 3rd period - Matt Stajan wins face-off versus Nicklas Backstrom in Canucks zone.
16:28 of 3rd period - Minor Penalty to Matt Stajan for Holding.
16:29 of 3rd period - Nicklas Backstrom wins face-off versus Ryan Hollweg in Canucks zone.
16:38 of 3rd period - Wrist shot by David Perron.
16:38 of 3rd period - Shot Misses the Net.
16:40 of 3rd period - Snap shot by Nicklas Backstrom.
16:40 of 3rd period - Deflect By David Perron.
16:40 of 3rd period - Shot Misses the Net.
16:40 of 3rd period - Puck is out of play.
16:41 of 3rd period - Nicklas Backstrom wins face-off versus Ryan Hollweg in Canucks zone.
16:44 of 3rd period - Snap shot by Nicklas Backstrom.
16:44 of 3rd period - Shot Misses the Net.
17:13 of 3rd period - Wrist shot by Alex Pietrangelo.
17:13 of 3rd period - Goal by Alex Pietrangelo - Blues : 6 - Canucks : 6.
17:14 of 3rd period - Nik Antropov wins face-off versus Travis Zajac in neutral zone.
17:39 of 3rd period - Kyle Okposo is hit by Chris Higgins and loses puck.
18:06 of 3rd period - Slapshot by Maxim Lapierre.
18:06 of 3rd period - Shot Blocked by Jamie McBain.
18:22 of 3rd period - Brandon Yip is hit by Clarke MacArthur.
19:24 of 3rd period - Wrist shot by Martins Karsums.
19:24 of 3rd period - Stopped by Ray Emery with a rebound.
19:34 of 3rd period - Mike Ribeiro is hit by Jake Gardiner.
Goals for this period are 2 for Blues vs 1 for Canucks.
Shots for this period are 12 for Blues vs 10 for Canucks.

Overtime #1


0:01 of 1st overtime period - Nicklas Backstrom wins face-off versus Matt Stajan in neutral zone.
0:12 of 1st overtime period - Snap shot by David Perron.
0:12 of 1st overtime period - Shot Blocked by Matt Stajan.
0:14 of 1st overtime period - Wrist shot by Nicklas Backstrom.
0:14 of 1st overtime period - Stopped by Michal Neuvirth with a rebound.
0:44 of 1st overtime period - Wrist shot by Chris Higgins.
0:44 of 1st overtime period - Shot Misses the Net.
0:48 of 1st overtime period - Snap shot by Chris Higgins.
0:48 of 1st overtime period - Shot Misses the Net.
0:50 of 1st overtime period - Wrist shot by Steve Montador.
0:50 of 1st overtime period - Stopped by Ray Emery with a rebound.
0:52 of 1st overtime period - Snap shot by Chris Higgins.
0:52 of 1st overtime period - Shot Blocked by Jake Gardiner.
0:54 of 1st overtime period - Snap shot by Chris Higgins.
0:54 of 1st overtime period - Goal by Chris Higgins - Blues : 6 - Canucks : 7.
Goals for this period are 0 for Blues vs 1 for Canucks.
Shots for this period are 1 for Blues vs 2 for Canucks.